AoeStats
← 17_Neo_

Arabia

506620945Analyzed
1v1 RM · 18d ago on Sep 14, 2026· 27m 26s· 2 players
Game mode
Random Map
Map size
Tiny (2 player)
Population
200
Speed
Normal
Resources
Standard
Victory
Conquest
Starting age
Dark Age
Ending age
Imperial Age
RankedLock teamsTeams togetherTeam positionsShared explorationLock speedFull tech treeHidden civsTurbo modeCheats
Victory
Defeat
🇮🇹 Magyars · Italy
1725
+13
🇨🇴 Maya · Colombia
1665
-13
17_Neo_
0:27 Loom
9:15 Feudal Age
9:54 Double-Bit Axe
9:49 Horse Collar
11:59 Wheelbarrow
18:05 Castle Age
TheWifeMenace
4:19 Loom
7:39 Loom
11:28 Feudal Age
15:22 Castle Age
Connection lost

Rejoining the realm…

Still unreachable

The connection could not be restored.

Session expired

The server has moved on; the page needs a fresh start.